 Dungeon Crawl Stone Soup version 0.28-a0-1435-g82390b3a13 (webtiles) character file.

Game seed: 13418973321973864235

422 Delamore the Cutter (level 6, -8/39 HPs)
             Began as an Octopode Brigand on Jan 9, 2022.
             Shot with an arrow by a centaur (16 damage)
             ... on level 5 of the Dungeon.
             The game lasted 00:05:29 (4745 turns).

Delamore the Cutter (Octopode Brigand)              Turns: 4745, Time: 00:05:29

Health: -8/39      AC:  1    Str:  8 (11) XL:     6   Next: 95%
Magic:  6/6        EV: 12    Int: 12 (13) God:
Gold:   107        SH:  0    Dex: 15      Spells: 5/5 levels left

rFire   . . .      SeeInvis .   a - +3 dagger
rCold   . . .      Faith    .   (no shield)
rNeg    . . .      Spirit   .   (helmet restricted)
rPois   .          Reflect  .   (no amulet)
rElec   .          Harm     .   (no ring)
rCorr   .          Rampage  .   (no ring)
Will    .....                   (no ring)
Stlth   ++++......              (no ring)
HPRegen 0.13/turn               (no ring)
MPRegen 0.10/turn               (no ring)
                                (no ring)
                                (no ring)

@: no status effects
A: almost no armour, amphibious, 8 rings, camouflage 1, gelatinous body 1,
(nimble swimmer 1), tentacles
a: no special abilities


You were on level 5 of the Dungeon.
You visited 2 branches of the dungeon, and saw 6 of its levels.

You collected 217 gold pieces.
You spent 110 gold pieces at shops.

Inventory:

Hand Weapons
 a - a +3 dagger (weapon)
Missiles
 b - 10 poisoned darts (quivered)
 c - a curare-tipped dart
Jewellery
 g - a ring of ice
 q - an amulet of the acrobat
Wands
 m - a wand of iceblast (6)
Scrolls
 d - 2 scrolls of vulnerability
 j - a scroll of fear
 o - a scroll of noise {unknown}
 p - a scroll of summoning
Potions
 e - a potion of invisibility
 f - 2 potions of lignification
 h - a potion of degeneration
 i - a potion of might {unknown}
 k - 3 potions of brilliance {unknown}
 l - 2 potions of magic {unknown}
 n - 2 potions of cancellation {unknown}


   Skills:
 - Level 2.0 Fighting
 + Level 6.2 Short Blades
 - Level 4.0 Throwing
 - Level 1.0 Dodging
 - Level 5.3 Stealth


You had 5 spell levels left.
You didn't know any spells.
Your spell library contained the following spells:

 Spells                   Type           Power      Damage    Failure   Level
 Magic Dart               Conj           0%         1d3       32%         1
 Call Imp                 Summ           0%         N/A       45%         2
 Mephitic Cloud           Conj/Pois/Air  0%         N/A       69%         3
 Ozocubu's Armour         Ice            0%         N/A       69%         3
 Blade Hands              Tmut           0%         N/A       100%        5
 Irradiate                Conj/Tmut      0%         3d14      100%        5
 Dragon Form              Tmut           0%         N/A       100%        7
 Ozocubu's Refrigeration  Ice            0%         4d5       100%        7


Dungeon Overview and Level Annotations

Branches:
Dungeon (5/15)             Temple (1/1) D:5

Altars:
Cheibriados
Fedhas
Hepliaklqana
Kikubaaqudgha
Makhleb
Nemelex Xobeh
Okawaru
Qazlal
Ru
Sif Muna
Uskayaw
Vehumet
Xom

Shops:
D:4 *(!!:


Innate Abilities, Weirdness & Mutations

You cannot wear most types of armour.
You are amphibious.
You can wear up to eight rings at the same time.
Your skin changes colour to match your surroundings (Stealth+).
Your rubbery body absorbs attacks. (AC +1, EV +1)
((You are camouflaged when in or above water. (Stealth+)))
You have tentacles for arms and can constrict up to eight enemies at once.


Message History

Found a sparkling altar of Nemelex Xobeh.
You open the door.
Found an iron altar of Okawaru.
There is an open door here.
There is an open door here.
You open the door.
Found a hide-covered altar of Uskayaw.
There is an open door here.
There is an open door here.
You open the door.
Found a shimmering blue altar of Sif Muna.
There is an open door here.
There is an open door here.
You open the door.
Found a blossoming altar of Fedhas.
There is an open door here.
Done exploring.
Done exploring.
Done exploring.
There is a staircase back to the Dungeon here.
You climb upwards.
Welcome back to the Dungeon!
There is a staircase to the Ecumenical Temple here.
Found a stone staircase leading up.
A centaur comes into view.
You see here an amulet of the acrobat.
q - an amulet of the acrobat An iguana comes into view.
The centaur shouts!
The centaur wields a +0 shortbow.
The centaur shoots an arrow.
The arrow completely misses you.
You see here 7 gold pieces.
You now have 107 gold pieces (gained 7).
The centaur shoots an arrow.
The arrow closely misses you.
The centaur shoots an arrow.
The arrow hits you!
The centaur shoots an arrow.
The arrow hits you!
The centaur shoots an arrow.
The arrow hits you!
* * * LOW HITPOINT WARNING * * *
There is a staircase to the Ecumenical Temple, spattered with blood here.
The centaur shoots an arrow.
The arrow hits you!
You die...

....$..##....##.#.###.. ..
#........!...##.#.#<#..
#.#<#...#...#....##.#.#.#..
..... ##.⌠.##.............
#... #.....##..##.#.#.#..
#..##..#.#..##.##.#...#.. #
#.....##.##.....#.#####..
#.##...##...##...... ....
#....⌠....@....⌠..## ####.
####.c.##...##....# ##
...####.....##.## ...#
.........##..#.# ..#
..........##..(. #
###........##.⌠.#
#.........#...#
#...............
#........c...###


You could see a centaur.

Vanquished Creatures
  A black bear (D:4)
  An ogre (D:3)
  A hound (D:3)
  A bullfrog skeleton (D:5)
  An iguana (D:4)
  Terence (D:2)
  A howler monkey zombie (D:4)
  3 adders
  3 ufetubi (D:4)
  2 worms (D:3)
  2 dart slugs
  An orc (D:3)
  8 bats
  6 endoplasms
  4 giant cockroaches
  6 goblins
  8 hobgoblins
  4 jackals (D:3)
  4 quokkas
  11 ball pythons
  A frilled lizard (D:1)
  4 kobolds
  4 rats
78 creatures vanquished.

Notes
Turn   | Place    | Note
-------+----------+-------------------------------------------
     0 | D:1      | Delamore the Octopode Brigand began the quest for the Orb.
     0 | D:1      | Reached XP level 1. HP: 14/14 MP: 1/1
   233 | D:1      | Reached XP level 2. HP: 19/19 MP: 2/2
   934 | D:1      | Reached XP level 3. HP: 21/24 MP: 3/3
  1276 | D:2      | Reached skill level 3 in Short Blades
  1436 | D:2      | Noticed Terence
  1439 | D:2      | Killed Terence
  1440 | D:2      | Reached XP level 4. HP: 29/29 MP: 4/4
  1622 | D:2      | You fall into a shaft and drop 1 floor!
  2130 | D:3      | Found a sacrificial altar of Ru.
  2331 | D:3      | Reached XP level 5. HP: 31/34 MP: 5/5
  3010 | D:3      | Noticed an ogre
  3026 | D:3      | Killed an ogre
  3027 | D:3      | Reached skill level 4 in Short Blades
  3037 | D:3      | Reached XP level 6. HP: 22/39 MP: 6/6
  3342 | D:4      | Found Igosan's Assorted Antiques.
  3385 | D:4      | Reached skill level 5 in Short Blades
  3387 | D:4      | Bought a scroll labelled OMANEU HUOXTYR for 22 gold pieces
  3387 | D:4      | Bought a wooden wand for 88 gold pieces
  3671 | D:4      | Found Jatzaza's Distillery.
  3803 | D:4      | Found Dynuruem's Book Boutique.
  3844 | D:4      | Noticed a black bear
  3865 | D:4      | Killed a black bear
  3866 | D:4      | Reached skill level 6 in Short Blades
  3985 | D:4      | Found Ehu Ytz's Distillery.
  4059 | D:4      | Found Buedoutt's Antique Weapon Shoppe.
  4356 | D:5      | Entered Level 5 of the Dungeon
  4373 | D:5      | Found an ancient bone altar of Kikubaaqudgha.
  4457 | D:5      | Found a staircase to the Ecumenical Temple.
  4474 | Temple   | Entered the Ecumenical Temple
  4745 | D:5      | Shot with an arrow by a centaur

Illustrated notes

Levels and vault maps discovered:
D:1:      minmay_arrival_hallway, layout_basic
D:2:      layout_basic, minmay_quadrilaterals, uniq_terence
D:3:      layout_basic, hangedman_ru_absence
D:4:      layout_gridville, serial_shops, shop, shop, kennysheep_little_box,
          nicolae_shop_hallway_stairs, nicolae_shop_trees
D:5:      layout_basic, general_overflow_altar,
          nicolae_wu_jian_immortal_techniques,
          nicolae_kikubaaqudgha_miasma_corner, minmay_temple_entry_waves,
          nicolae_take_the_stairs, minmay_strange_pillars,
          uniq_crazy_yiuf_cottage, uniq_grinder
Temple:   minmay_temple_curvy_loop

Skill      XL: |  1  2  3  4  5  6 |
---------------+-------------------+-----
Short Blades   | 3 4 6 |  6.2
Throwing       | 3 4 |  4.0
Fighting       | |  2.0
Dodging        | |  1.0
Stealth        | |  5.3

Action                   |  1- 3 |  4- 6 || total
-------------------------+-------+-------++-------
Melee: Dagger            |    63 |    90 ||   153
       Tentacles         |    12 |    21 ||    33
       Constrict         |    14 |    15 ||    29
       Punch             |     2 |     1 ||     3
Throw: Dart              |       |    21 ||    21
  Use: Scroll            |     2 |     5 ||     7
       Potion            |       |     2 ||     2
 Stab: Sleeping          |    13 |     9 ||    22
       Distracted        |     1 |       ||     1
Armor: Skin              |     5 |     3 ||     8
Dodge: Dodged            |    27 |    45 ||    72

Table legend: (Time is in decaauts)
 A = Elapsed time spent in this place.
 B = Non-inter-level travel time spent in this place.
 C = Inter-level travel time spent in this place.
 D = Time resting spent in this place.
 E = Time spent auto-exploring this place.
 F = Levels seen in this place.
 G = Mean time per level.
                   A        B        C        D        E       F      G
               +--------+--------+--------+--------+--------+-----+--------+
         Total |   4712 |   4549 |    163 |    819 |   3128 |   6 |  785.3 |
       Dungeon |   4459 |   4319 |    140 |    819 |   2903 |   5 |  891.8 |
        Temple |    252 |    229 |     23 |      0 |    225 |   1 |  252.0 |
               +--------+--------+--------+--------+--------+-----+--------+

Top non-repeatable levels by time:
     D:3: 1736 daAuts
     D:1: 1168 daAuts
     D:4: 975 daAuts
     D:2: 444 daAuts
  Temple: 252 daAuts
     D:5: 134 daAuts
